 Dungeon Crawl Stone Soup version 0.30-a0-779-g7971cf19c3 (webtiles) character file.

Game seed: 9547021662095120483

50 Pimp the Stinger (level 3, 0/24 HPs)
             Began as a Demonspawn Venom Mage on Feb 17, 2023.
             Slain by a gnoll
             ... wielding a +0 club
              (5 damage)
             ... on level 1 of the Dungeon.
             The game lasted 00:03:18 (1394 turns).

Pimp the Stinger (Demonspawn Venom Mage)            Turns: 1394, Time: 00:03:19

Health: 0/24       AC:  2    Str:  8    XL:     3   Next: 55%
Magic:  5/6        EV: 12    Int: 18    God:
Gold:   45         SH:  0    Dex: 13    Spells: 5/6 levels left

rFire   . . .      SeeInvis .    c - +0 dagger
rCold   . . .      Faith    .    (no shield)
rNeg    . . .      Spirit   .    a - +0 robe
rPois   .          Reflect  .    (no helmet)
rElec   .          Harm     .    (no cloak)
rCorr   .          Rampage  .    (no gloves)
Will    .....                    (no boots)
Stlth   ++                       (no amulet)
HPRegen 0.24/turn                (no ring)
MPRegen 0.10/turn                (no ring)

@: no status effects
A: spiny 1
a: no special abilities


You were on level 1 of the Dungeon.
You visited 1 branch of the dungeon, and saw 2 of its levels.

You collected 45 gold pieces.

Inventory:

Hand Weapons
 c - a +0 dagger (weapon)
Armour
 a - a +0 robe (worn)
 k - a +0 plate armour
Scrolls
 g - a scroll of vulnerability {unknown}
 h - a scroll of teleportation {unknown}
 i - a scroll of enchant armour {unknown}
 l - a scroll of identify {unknown}
 m - a scroll of noise {unknown}
Potions
 b - a potion of magic
 d - a potion of ambrosia {unknown}
 e - 2 potions of lignification {unknown}
 f - a potion of haste {unknown}
 j - a potion of flight {unknown}


   Skills:
 + Level 0.2 Fighting
 + Level 0.4 Short Blades
 + Level 2.2 Dodging
 + Level 1.9 Stealth
 + Level 2.3 Spellcasting
 + Level 1.1 Transmutations
 + Level 3.7 Poison Magic


You had 5 spell levels left.
You knew the following spells:

 Your Spells              Type           Power      Damage    Failure   Level
a - Sting                 Tmut/Pois      40%        1d5       6%          1

Your spell library contained the following spells:

 Spells                   Type           Power      Damage    Failure   Level
 Poisonous Vapours        Pois/Air       16%        N/A       12%         2
 Mephitic Cloud           Conj/Pois/Air  6%         N/A       30%         3
 Olgreb's Toxic Radiance  Pois           15%        N/A       36%         4


Dungeon Overview and Level Annotations

Branches:
Dungeon (2/15)

Altars:


Innate Abilities, Weirdness & Mutations

You are partially covered in sharp spines.


Message History

The gnoll shouts!
A gnoll comes into view. It is wielding a +0 club.
The gnoll shouts! x2
The gnoll completely misses you.
You hit the gnoll but do no damage. The gnoll hits you with a +0 flail!
Casting: Sting (safe; 6% risk of failure)
Confirm with . or Enter, or press ? or * to list all spells.
Aiming: Sting (safe; 6% risk of failure)
Press: ? - help, Shift-Dir - straight line, f - gnoll
Aim: a gnoll, wielding a +0 flail (75% to hit)
The sting hits the gnoll but does no damage.
The gnoll is poisoned.
The gnoll hits you with a +0 flail!
* * * LOW HITPOINT WARNING * * *
Unknown command.
Casting: Sting (safe; 6% risk of failure)
Confirm with . or Enter, or press ? or * to list all spells.
Okay, then.
The gnoll looks more healthy.
There is a large open door here.
There is a stone staircase leading up here.
Casting: Sting (safe; 6% risk of failure)
Confirm with . or Enter, or press ? or * to list all spells.
Aiming: Sting (safe; 6% risk of failure)
Press: ? - help, Shift-Dir - straight line, f/p - gnoll
Aim: a gnoll, wielding a +0 flail (severely wounded, 75% to hit)
The sting hits the gnoll.
The gnoll is poisoned.
The gnoll is lightly wounded.
The gnoll hits you with a +0 club.
You climb upwards.
There is a stone staircase leading down here.
You barely miss the gnoll.
The gnoll is lightly wounded.
You hit the gnoll.
The gnoll is moderately wounded.
The gnoll hits you with a +0 club!
* * * LOW HITPOINT WARNING * * *
You hit the gnoll but do no damage.
The gnoll is moderately wounded.
The gnoll is struck by your spines. The gnoll hits you with a +0 club.
You die...

.#.#####.#####################.##
.#.##............................
.#.##.####################.###.##
.#.##......................# #.#
.#.##...######......######.# #.#
.#.##......................# #.#
.#.##...##..##......##..##.# #.#
.[.##...†..................# #.#
....############@<########## #.#
.#.............g..........# #.#
.....############...#####.## #.#
.....# #..........# #.# .....#
#########..........# #.# .....#
#..................# #†# #....#
#.........#........# #.# .....#
#.........########.# #†# ######
#.........# #.# #)#


You could see a gnoll (poisoned).

Vanquished Creatures
  A dart slug (D:2)
  A bat (D:1)
  2 endoplasms
  2 giant cockroaches (D:1)
  8 hobgoblins
  4 jackals (D:1)
  5 quokkas (D:1)
  5 ball pythons
  2 frilled lizards (D:1)
  5 goblins
  3 kobolds (D:1)
  2 rats (D:1)
40 creatures vanquished.

Vanquished Creatures (others)
  A fungus (D:1)
  A plant (D:1)
2 creatures vanquished.

Grand Total: 42 creatures vanquished

Notes
Turn   | Place    | Note
-------+----------+-------------------------------------------
     0 | D:1      | Pimp the Demonspawn Venom Mage began the quest for the Orb.
     0 | D:1      | Reached XP level 1. HP: 13/13 MP: 3/3
   193 | D:1      | Gained mutation: You are partially covered in sharp spines.
                  | [demonic ancestry]
   193 | D:1      | Reached XP level 2. HP: 19/19 MP: 1/5
   704 | D:1      | Found a faded altar of an unknown god.
   727 | D:1      | Reached XP level 3. HP: 19/24 MP: 6/6
   748 | D:1      | Reached skill level 1 in Transmutations
  1394 | D:1      | Slain by a gnoll

Illustrated notes

Levels and vault maps discovered:
D:1:      dpeg_arrival_line_fractal, layout_basic, shapermc_ecumenical_altar_gd
D:2:      layout_rooms, chequers_serial_rivers_micro_b, minivault_27,
          chequers_decorated_corner, kennysheep_big_empty_room

Skill      XL: |  1  2  3 |
---------------+----------+-----
Dodging        | 2 |  2.2
Transmutations | 1 |  1.1
Fighting       | |  0.2
Short Blades   | |  0.4
Stealth        | |  1.9
Spellcasting   | |  2.3
Poison Magic   | |  3.7

Action                     || total
---------------------------++-------
  Melee: Dagger            ||   102
         Unarmed           ||     2
         Punch             ||     1
   Cast: Sting             ||    15
   Stab: Sleeping          ||     2
 Armour: Robe              ||    18
  Dodge: Dodged            ||    80

Table legend: (Time is in decaauts)
 A = Elapsed time spent in this place.
 B = Non-inter-level travel time spent in this place.
 C = Inter-level travel time spent in this place.
 D = Time resting spent in this place.
 E = Time spent auto-exploring this place.
 F = Levels seen in this place.
 G = Mean time per level.
                   A        B        C        D        E       F      G
               +--------+--------+--------+--------+--------+-----+--------+
         Total |   1393 |   1349 |     44 |    131 |    846 |   2 |  696.5 |
       Dungeon |   1393 |   1349 |     44 |    131 |    846 |   2 |  696.5 |
               +--------+--------+--------+--------+--------+-----+--------+

Top non-repeatable levels by time:
     D:1: 1166 daAuts
     D:2: 226 daAuts
